AoeStats
← 81danchoi

Arabia

509572990Analyzed
4v4 RM · 6d ago on Sep 27, 2026· 40m 49s· 8 players
Game mode
Random Map
Map size
Large (8 player)
Population
200
Speed
Normal
Resources
Standard
Victory
Conquest
Starting age
Dark Age
Ending age
Imperial Age
RankedLock teamsTeams togetherTeam positionsShared explorationLock speedFull tech treeHidden civsTurbo modeCheats
Victory
Defeat
🇯🇵 Portuguese · Japan
1804
+10
1763
+12
🇻🇳 Huns · Vietnam
1741
+13
🇹🇼 Jurchens · Taiwan
1651
+16
🇩🇪 Vikings · Germany
1784
-17
🇩🇪 Vietnamese · Germany
1727
-15
🇩🇪 Maya · Germany
1640
-12
🇨🇭 Franks · Switzerland
1509
-7
81danchoi
3:03 Loom
9:59 Feudal Age
10:52 Double-Bit Axe
12:39 Fletching
14:11 Horse Collar
17:18 Padded Archer Armor
22:05 Castle Age
22:07 Gold Mining
22:06 Crossbowman
22:43 Bodkin Arrow
23:16 Bow Saw
23:40 Heavy Plow
25:58 Ballistics
27:35 Wheelbarrow
28:15 Husbandry
29:30 Bloodlines
30:24 Stone Mining
31:51 Thumb Ring
35:25 Town Watch
41:57 Imperial Age
40:10 Leather Archer Armor
41:57 Gold Shaft Mining
鼠條
5:48 Loom
8:42 Feudal Age
9:37 Double-Bit Axe
13:58 Horse Collar
15:51 Wheelbarrow
21:20 Castle Age
20:09 Bloodlines
20:11 Scale Barding Armor
21:05 Forging
22:34 Chain Barding Armor
25:17 Husbandry
27:46 Gold Mining
35:30 Iron Casting
35:51 Heavy Plow
40:10 Imperial Age
41:27 Hand Cart
40:47 Elite Steppe Lancer
鹿乃子乃子虎视眈眈
5:58 Loom
8:49 Feudal Age
12:58 Fletching
19:43 Castle Age
18:26 Double-Bit Axe
19:01 Horse Collar
19:45 Crossbowman
20:24 Bodkin Arrow
22:27 Wheelbarrow
22:24 Bow Saw
25:12 Ballistics
25:10 Padded Archer Armor
31:56 Imperial Age
29:51 Thumb Ring
30:58 Leather Archer Armor
31:21 Heavy Plow
32:43 Bracer
34:14 Chemistry
34:10 Ring Archer Armor
35:34 Scale Mail Armor
36:02 Forging
35:54 Squires
35:40 Arson
37:17 Chain Mail Armor
37:24 Conscription
37:04 Elite Ghulam
39:09 Iron Casting
39:00 Hand Cart
40:35 Blast Furnace
40:53 Town Watch
41:21 Masonry
NeeNee
5:58 Loom
8:26 Feudal Age
8:56 Double-Bit Axe
9:49 Horse Collar
15:50 Scale Barding Armor
17:13 Forging
17:14 Bloodlines
18:20 Wheelbarrow
21:43 Castle Age
20:53 Gold Mining
22:44 Chain Barding Armor
21:46 Light Cavalry
22:38 Bow Saw
23:04 Heavy Plow
25:11 Iron Casting
40:03 Imperial Age
37:51 Stone Mining
38:13 Fletching
39:51 Hand Cart
39:41 Husbandry
40:04 Cavalier
41:20 Plate Barding Armor
41:47 Two-Man Saw
41:18 Crop Rotation
41:10 Conscription
LM | TornardoBriese
5:47 Loom
9:02 Feudal Age
10:02 Double-Bit Axe
17:57 Wheelbarrow
21:31 Castle Age
22:19 Scale Barding Armor
25:41 Padded Archer Armor
30:46 Bow Saw
39:33 Fletching
40:16 Bodkin Arrow
LM \ Molle
1:22 Loom
11:28 Feudal Age
15:40 Fletching
25:40 Castle Age
24:52 Town Watch
25:02 Double-Bit Axe
24:58 Horse Collar
26:22 Bodkin Arrow
26:14 Crossbowman
28:20 Ballistics
28:18 Padded Archer Armor
Dawn14
0:31 Loom
9:27 Feudal Age
10:03 Double-Bit Axe
13:14 Fletching
19:00 Padded Archer Armor
23:34 Castle Age
21:55 Gold Mining
23:52 Crossbowman
25:21 Bodkin Arrow
26:00 Bow Saw
29:15 Leather Archer Armor
29:52 Ballistics
34:52 Horse Collar
LM | Miura
5:28 Loom
8:51 Feudal Age
9:27 Double-Bit Axe
9:24 Horse Collar
15:47 Scale Barding Armor
16:35 Bloodlines
22:11 Castle Age
21:22 Wheelbarrow
21:22 Forging
21:57 Gold Mining
22:12 Light Cavalry
23:13 Chain Barding Armor
23:17 Bow Saw
24:09 Husbandry
27:21 Hand Cart
29:08 Town Watch
38:09 Imperial Age
38:12 Iron Casting
39:25 Plate Barding Armor
38:16 Cavalier
Connection lost

Rejoining the realm…

Still unreachable

The connection could not be restored.

Session expired

The server has moved on; the page needs a fresh start.